 Dungeon Crawl Stone Soup version 0.23.2-1-ga50397a (webtiles) character file.

Game seed: 16395724416911701890

92772 Madgibble the Thaumaturge (level 16, -3/123 HPs)
             Began as a Gnoll Air Elementalist on May 9, 2019.
             Was the Champion of Dithmenos.
             Slain by a wolf spider (15 damage)
             ... on level 1 of the Spider Nest on May 12, 2019.
             The game lasted 05:47:57 (33082 turns).

Madgibble the Thaumaturge (Gnoll Air Elementalist) Turns: 33082, Time: 05:47:59

Health: -3/123     AC: 20    Str: 13    XL:     16   Next: 6%
Magic:  17/31      EV: 15    Int: 25    God:    Dithmenos [******]
Gold:   1848       SH: 11    Dex: 16    Spells: 4/37 levels left

rFire    + . .     SeeInvis .   v - +5 dagger (elec)
rCold    + + .     Gourm    .   R - +0 shield {AC+3}
rNeg     . . .     Faith    .   x - +2 scale mail {rPois}
rPois    +         Spirit   .   U - +1 helmet
rElec    .         Reflect  .   P - scarf {rC+ rF+}
rCorr    +         Harm     .   q - +1 pair of gloves {Str+3}
MR       +....                  D - +0 pair of boots
Stlth    ++++++....             K - amulet of magic regeneration
HPRegen  0.30/turn              H - ring of resist corrosion
MPRegen  0.47/turn              a - ring of protection from cold

@: very slightly contaminated, wreathed by umbra
A: distributed training, fangs 1, strong nose
a: Shadow Step, Shadow Form, Renounce Religion


You were on level 1 of the Spider Nest.
You worshipped Dithmenos.
Dithmenos was exalted by your worship.
You were not hungry.

You visited 6 branches of the dungeon, and saw 27 of its levels.

You collected 2242 gold pieces.
You spent 394 gold pieces at shops.

Inventory:

Hand Weapons
 v - a +5 dagger of electrocution (weapon)
 I - the +8 long sword of a bazaar {antimagic, Str+5}
   (You took it off a gnoll on level 8 of the Dungeon)

   It reduces the magical energy of the wielder, and disrupts the spells and
   magical abilities of those hit.
   Natural abilities and divine invocations are not affected.
   It affects your strength (+5).
 Z - the +9 hand axe of Destiny {drain, +Rage rF+ Str+3}
   (You found it on level 15 of the Dungeon)

   A truly terrible weapon, it drains the life of those it strikes.
   It affects your strength (+3).
   It protects you from fire.
   It lets you go berserk.
Missiles
 E - 8 silver javelins (quivered)
Armour
 q - a +1 pair of gloves of strength (worn)
 x - a +2 scale mail of poison resistance (worn)
 z - a scarf of cloud immunity
 D - a +0 pair of boots (worn)
 P - a scarf of resistance (worn)
 R - a +0 shield of protection (worn)
 U - a +1 helmet (worn)
 X - +0 acid dragon scales
Magical Staves
 V - an uncursed staff of air
Jewellery
 a - a ring of protection from cold (right hand)
 H - a ring of resist corrosion (left hand)
 K - an amulet of magic regeneration (around neck)
Wands
 b - a wand of flame (23)
 d - a wand of polymorph (47)
 p - a wand of acid (10)
 u - a wand of disintegration (31)
 y - a wand of iceblast (1)
 L - a wand of scattershot (3)
 O - a wand of paralysis (8)
Scrolls
 f - 12 scrolls of remove curse
 g - 3 scrolls of blinking
 h - 4 scrolls of fog
 k - 5 scrolls of magic mapping
 l - 8 scrolls of identify
 n - 4 scrolls of teleportation
 B - a scroll of amnesia
Potions
 e - 3 potions of haste
 i - 5 potions of might
 m - 3 potions of curing
 o - 4 potions of lignification
 t - 2 potions of flight
 w - 3 potions of ambrosia
 A - 3 potions of resistance
 F - 4 potions of berserk rage
 N - 5 potions of brilliance
 S - a potion of magic
 T - a potion of cancellation
Miscellaneous
 j - 2 boxes of beasts
 M - a lightning rod (4/4)
Comestibles
 c - 26 rations
 r - 5 chunks of flesh


   Skills:
 + Level 10.3 Fighting
 + Level 10.3 Short Blades
 + Level 10.3 Long Blades
 + Level 10.3 Axes
 + Level 10.3 Maces & Flails
 + Level 10.3 Polearms
 + Level 10.3 Staves
 + Level 10.3 Slings
 + Level 10.3 Bows
 + Level 10.3 Crossbows
 + Level 10.3 Throwing
 + Level 10.3 Armour
 + Level 11.2 Dodging
 + Level 11.1 Stealth
 + Level 10.3 Shields
 + Level 10.3 Unarmed Combat
 + Level 11.4 Spellcasting
 + Level 9.0 Conjurations
 + Level 8.7 Hexes
 + Level 8.7 Charms
 + Level 8.7 Summonings
 + Level 8.7 Necromancy
 + Level 8.7 Translocations
 + Level 8.7 Transmutations
 + Level 8.7 Fire Magic
 + Level 8.7 Ice Magic
 + Level 10.3 Air Magic
 + Level 8.7 Earth Magic
 + Level 8.7 Poison Magic
 + Level 11.2 Invocations
 + Level 10.3 Evocations


You had 4 spell levels left.
You knew the following spells:

 Your Spells              Type           Power        Failure   Level  Hunger
a - Shock                 Conj/Air       ####         1%          1    None
b - Swiftness             Chrm/Air       ######..     1%          2    None
c - Static Discharge      Conj/Air       ######..     1%          3    None
d - Airstrike             Air            ######....   3%          4    None
e - Dazzling Spray        Conj/Hex       ######       1%          3    None
f - Mephitic Cloud        Conj/Pois/Air  ######..     1%          3    None
g - Blink                 Tloc           N/A          1%          2    None
h - Searing Ray           Conj           ######       1%          2    None
i - Lightning Bolt        Conj/Air       ######....   14%         5    ###....
j - Fulminant Prism       Conj/Hex       ######....   7%          4    None
k - Gell's Gravitas       Tloc           ######....   2%          3    None
l - Confusing Touch       Hex            ######       1%          1    None

Your spell library contained the following spells:

 Spells                   Type           Power        Failure   Level  Hunger
 Apportation              Tloc           ######       1%          1    None
 Magic Dart               Conj           ####         1%          1    None
 Sandblast                Erth           ######       1%          1    None
 Summon Butterflies       Summ           ######..     1%          1    None
 Call Imp                 Summ           ######..     1%          2    None
 Passwall                 Tmut/Erth      ######..     1%          2    None
 Slow                     Hex            ######..     1%          2    None
 Conjure Flame            Conj/Fire      ######..     1%          3    None
 Stone Arrow              Conj/Erth      ######       1%          3    None
 Confuse                  Hex            ######..     2%          3    None
 Lesser Beckoning         Tloc           ######....   2%          3    None
 Tukima's Dance           Hex            ######..     2%          3    None
 Iskenderun's Mystic Bla  Conj           ######..     6%          4    None
 Force Lance              Conj/Tloc      ######..     7%          4    None
 Passage of Golubria      Tloc           N/A          8%          4    None
 Petrify                  Tmut/Erth      ######..     8%          4    None
 Alistair's Intoxication  Tmut/Pois      ######..     21%         5    ###....
 Lee's Rapid Deconstruct  Erth           ######....   21%         5    ###....
 Metabolic Englaciation   Hex/Ice        ######....   21%         5    ###....
 Yara's Violent Unravell  Hex/Tmut       ######....   21%         5    ###....
 Poison Arrow             Conj/Pois      ######....   71%         6    #####..
 Darkness                 Hex            ######....   75%         6    #####..
 Invisibility             Hex            ######..     75%         6    #####..
 Chain Lightning          Conj/Air       ######....   100%        8    #######
 Lehudib's Crystal Spear  Conj/Erth      ######....   100%        8    #######
 Fire Storm               Conj/Fire      ######....   100%        9    #######
 Glaciate                 Conj/Ice       ######....   100%        9    #######


Dungeon Overview and Level Annotations

Branches:
Dungeon (15/15)            Temple (1/1) D:6            Lair (6/6) D:9
 Shoals (0/4) Lair:4       Spider (2/4) Lair:2        Slime (0/5) Lair:5
    Orc (2/2) D:10            Elf (1/3) Orc:2        Vaults (0/5) D:14
 Depths (0/5) D:15

Altars:
Ashenzari
Cheibriados
Dithmenos
Elyvilon
Fedhas
Gozag
Hepliaklqana
Kikubaaqudgha
Makhleb
Nemelex Xobeh
Okawaru
Qazlal
Ru
Sif Muna
Trog
Uskayaw
Vehumet
Wu Jian
Xom
Yredelemnul
Zin
The Shining One
Beogh

Shops:
D:5 [   D:15 (   Orc:2 *=[(

Annotations:
D:4 2 transporters, Frank's ghost, amateur OpFi
D:6 2 transporters
D:7 Harold
D:11 Erolcha
D:15 2 transporters, Karim's ghost, journeyman NaFi
Lair:4 Kirke
Lair:6 1 runed translucent door
Elf:1 Asterion


Innate Abilities, Weirdness & Mutations

Your experience applies equally to all skills.
You have very sharp teeth.
Your uncanny sense of smell can sniff out nearby items.


Message History

* * * LOW HITPOINT WARNING * * *
The wolf spider closely misses you. The wolf spider bites you.
* * * LOW HITPOINT WARNING * * *
The wolf spider hits you but does no damage.
The wolf spider bites you but does no damage.
The hornet stings you but does no damage.
The jumping spider leaps!
The jumping spider pounces on you!
* * * LOW HITPOINT WARNING * * *
You are even more entangled.
The jumping spider bites you but does no damage.
You climb upwards.
There is a stone staircase leading down here.
Unknown command.
You feel better. The wolf spider barely misses you. The wolf spider misses you.
The wolf spider hits you but does no damage.
The wolf spider completely misses you.
The hornet stings you but does no damage.
You block the jumping spider's attack. The jumping spider misses you.
The wolf spider hits you!
You die...

≈#......#....#.....#..#...#......
≈#≈#.......#.#.#.#.#.#..#...##..#
###≈###.^##.....#.#.#..†.##.#.#..
####...#<.##..##....^#†..#>##..
###.#....#..#..#...##.....^#
#....#.####..#.#^#...#.#..
###...)#......##.#....#..#.
#≈..#..^##s...#....##.....#
#≈#...#.#y@#.#^.#...#.#.#..
#≈≈..#≈#.#ss#.#....#..###..
#######.#.......#..#.###^..
##..#.##..#..#...#...
##..###..#...#...##.
#..##..#..#≈.≈###..
##.....#...#≈### ###
#≈..##.#.#.### # ##≈≈≈#≈.#≈≈#


You could see 2 wolf spiders, a hornet and a jumping spider.

Vanquished Creatures
  Jorgrun (D:13)
  An orc warlord (Orc:2)
  A yaktaur captain (D:15)
  A fire dragon (Lair:6)
  Fannar (Lair:2)
  4 hydras
  5 centaur warriors
  4 vault guards
  6 death yaks (Lair:6)
  An ogre mage (D:14)
  2 two-headed ogres
  3 orc high priests
  A deep elf knight (D:14)
  3 skeletal warriors
  A swamp dragon (Lair:6)
  3 lindwurms
  7 orc knights
  Pikel (D:8)
  A deep elf archer (Elf:1)
  10 wolf spiders
  2 oklob plants
  6 orb spiders
  2 orc sorcerers
  14 deep elf magi (Elf:1)
  A manticore (D:14)
  Joseph (Lair:1)
  5 black mambas
  A cyclops (D:11)
  6 torpor snails
  6 spiny frogs
  4 rime drakes
  7 komodo dragons
  An efreet (D:15)
  A yaktaur (D:15)
  4 demonic crawlers
  A queen bee (Lair:4)
  7 hornets (Lair:6)
  3 trolls
  2 tyrant leeches (Lair:6)
  5 jumping spiders (Spider:1)
  15 blink frogs
  4 slime creatures (D:14)
  Prince Ribbit (D:7)
  2 meliai (Lair:4)
  2 polar bears
  6 hippogriffs
  A tarantella (shapeshifter) (D:12)
  A wraith (D:15)
  A centaur simulacrum (D:15)
  2 wyverns
  A wyvern (shapeshifter) (D:15)
  20 redbacks
  A spriggan (D:7)
  4 water elementals
  7 tarantellas
  4 fire bats (Lair:6)
  A vampire (D:12)
  Eustachio (D:6)
  A fire elemental (Lair:6)
  7 basilisks
  40 yaks
  7 hogs (Lair:4)
  2 steam dragons
  Menkaure (D:6)
  3 wargs (Orc:2)
  5 porcupines
  10 water moccasins
  3 acid dragons (Lair:6)
  30 orc warriors
  2 ice beasts
  3 sky beasts
  3 phantoms
  A necrophage (D:6)
  13 ogres
  18 centaurs
  15 wolves
  2 big kobolds
  11 crocodiles
  13 bullfrogs
  A wyvern zombie (D:9)
  8 scorpions
  85 killer bees
  5 wights (D:9)
  14 electric eels
  3 howler monkeys
  2 crimson imps
  A bullfrog zombie (D:7)
  2 centaur zombies
  A quasit (D:14)
  5 hounds
  5 jellies
  15 orc priests
  14 orc wizards
  3 centaur skeletons
  Natasha (thrice) (D:2)
  9 iguanas
  10 worker ants
  A hell rat (Lair:4)
  2 hound zombies
  4 hound skeletons
  3 worker ant zombies
  9 gnolls
  10 adders
  2 shadow imps
  An ooze (D:5)
  3 adder skeletons
  An adder zombie (D:8)
  A worm (D:2)
  4 leopard geckos
  83 orcs
  A giant cockroach (D:4)
  8 goblins
  8 hobgoblins
  7 jackals
  10 kobolds
  2 quokkas
  4 bats
  4 frilled lizards
  2 jackal skeletons
  A leopard gecko skeleton (D:6)
  2 quokka skeletons (D:5)
  4 rats
  2 fulminant prisms (Spider:1)
  8 fungi
  7 plants (Lair:2)
780 creatures vanquished.

Vanquished Creatures (collateral kills)
  A meliai (Lair:4)
1 creature vanquished.

Vanquished Creatures (others)
  A hippogriff (D:8)
  3 slaves (D:8)
  A centaur (D:8)
  A killer bee (Lair:4)
  2 gnolls (D:8)
  A kobold (D:8)
  A bush (Lair:6)
  A fire vortex (Lair:6)
  41 fulminant prisms
  16 fungi
  18 plants
86 creatures vanquished.

Grand Total: 867 creatures vanquished

Notes
Turn   | Place    | Note
-------+----------+-------------------------------------------
     0 | D:1      | Madgibble the Gnoll Air Elementalist began the quest for
                  | the Orb.
     0 | D:1      | Reached XP level 1. HP: 13/13 MP: 6/6
   135 | D:1      | Reached XP level 2. HP: 19/19 MP: 3/7
   591 | D:2      | Reached XP level 3. HP: 25/25 MP: 3/9
   592 | D:2      | Reached skill level 5 in Spellcasting
   776 | D:2      | Noticed Natasha
   778 | D:2      | Killed Natasha
   778 | D:2      | Reached skill level 1 in Fighting
   778 | D:2      | Reached skill level 1 in Short Blades
   778 | D:2      | Reached skill level 1 in Long Blades
   778 | D:2      | Reached skill level 1 in Axes
   778 | D:2      | Reached skill level 1 in Maces & Flails
   778 | D:2      | Reached skill level 1 in Polearms
   778 | D:2      | Reached skill level 1 in Staves
   778 | D:2      | Reached skill level 1 in Slings
   778 | D:2      | Reached skill level 1 in Bows
   778 | D:2      | Reached skill level 1 in Crossbows
   778 | D:2      | Reached skill level 1 in Throwing
   778 | D:2      | Reached skill level 1 in Armour
   778 | D:2      | Reached skill level 1 in Shields
   778 | D:2      | Reached skill level 1 in Unarmed Combat
   778 | D:2      | Reached skill level 1 in Invocations
   778 | D:2      | Reached skill level 1 in Evocations
   778 | D:2      | Reached XP level 4. HP: 32/32 MP: 8/11
   994 | D:2      | Noticed Natasha
  1004 | D:2      | Killed Natasha
  1208 | D:2      | Noticed Natasha
  1211 | D:2      | Killed Natasha
  1211 | D:2      | Reached skill level 1 in Hexes
  1211 | D:2      | Reached skill level 1 in Charms
  1211 | D:2      | Reached skill level 1 in Summonings
  1211 | D:2      | Reached skill level 1 in Necromancy
  1211 | D:2      | Reached skill level 1 in Translocations
  1211 | D:2      | Reached skill level 1 in Transmutations
  1211 | D:2      | Reached skill level 1 in Fire Magic
  1211 | D:2      | Reached skill level 1 in Ice Magic
  1211 | D:2      | Reached skill level 1 in Earth Magic
  1211 | D:2      | Reached skill level 1 in Poison Magic
  1211 | D:2      | Reached XP level 5. HP: 37/37 MP: 8/12
  1258 | D:3      | Learned a level 2 spell: Swiftness
  1262 | D:3      | Learned a level 3 spell: Static Discharge
  1267 | D:3      | Learned a level 4 spell: Airstrike
  1484 | D:3      | Noticed a phantom
  1556 | D:3      | Killed a phantom
  1556 | D:3      | Reached XP level 6. HP: 44/44 MP: 0/13
  2305 | D:4      | Reached skill level 5 in Dodging
  2565 | D:4      | Found a transporter.
  2573 | D:4      | Found a transporter.
  2573 | D:4      | Noticed Frank's ghost (amateur OpFi)
  2607 | D:4      | Reached XP level 7. HP: 50/50 MP: 7/15
  2956 | D:4      | Found a snail-covered altar of Cheibriados.
  3018 | D:5      | Entered Level 5 of the Dungeon
  3321 | D:5      | Reached skill level 5 in Stealth
  3577 | D:5      | Reached XP level 8. HP: 47/57 MP: 5/16
  3777 | D:5      | Found Rutsy's Armour Shop.
  3781 | D:5      | Bought a +0 pair of boots for 54 gold pieces
  3781 | D:5      | Bought a +1 cloak for 138 gold pieces
  4326 | D:6      | Noticed Eustachio
  4341 | D:6      | Killed Eustachio
  4640 | D:6      | Found a transporter.
  4781 | D:6      | Learned a level 3 spell: Dazzling Spray
  4785 | D:6      | Learned a level 3 spell: Mephitic Cloud
  4824 | D:6      | Found a transporter.
  4865 | D:6      | Noticed Menkaure
  4872 | D:6      | Killed Menkaure
  5023 | D:6      | Found a staircase to the Ecumenical Temple.
  5038 | Temple   | Entered the Ecumenical Temple
  5227 | Temple   | Became a worshipper of Dithmenos the Shadowed
  5306 | D:6      | Reached XP level 9. HP: 64/65 MP: 2/18
  6068 | D:7      | Noticed Prince Ribbit
  6077 | D:7      | Killed Prince Ribbit
  6650 | D:7      | Reached * piety under Dithmenos
  6729 | D:7      | Found a deep blue altar of Sif Muna.
  6960 | D:7      | Reached skill level 5 in Invocations
  7001 | D:7      | Noticed Harold
  7154 | D:7      | Reached XP level 10. HP: 65/73 MP: 13/20
  7555 | D:6      | Learned a level 2 spell: Blink
  7955 | D:8      | Found a shadowy altar of Dithmenos.
  8177 | D:8      | Reached skill level 5 in Fighting
  8177 | D:8      | Reached skill level 5 in Short Blades
  8177 | D:8      | Reached skill level 5 in Long Blades
  8177 | D:8      | Reached skill level 5 in Axes
  8177 | D:8      | Reached skill level 5 in Maces & Flails
  8177 | D:8      | Reached skill level 5 in Polearms
  8177 | D:8      | Reached skill level 5 in Staves
  8177 | D:8      | Reached skill level 5 in Slings
  8177 | D:8      | Reached skill level 5 in Bows
  8177 | D:8      | Reached skill level 5 in Crossbows
  8177 | D:8      | Reached skill level 5 in Throwing
  8177 | D:8      | Reached skill level 5 in Armour
  8177 | D:8      | Reached skill level 5 in Shields
  8177 | D:8      | Reached skill level 5 in Unarmed Combat
  8177 | D:8      | Reached skill level 5 in Evocations
  8539 | D:8      | Noticed Pikel
  8543 | D:8      | Killed Pikel
  8726 | D:7      | Learned a level 2 spell: Searing Ray
  8776 | D:8      | Reached ** piety under Dithmenos
  8942 | D:8      | Found a glowing golden altar of the Shining One.
  9134 | D:8      | Identified the +8 long sword of a bazaar {antimagic, Str+5}
  9500 | D:9      | Reached skill level 5 in Conjurations
  9706 | D:9      | Found a sacrificial altar of Ru.
 10057 | D:9      | Noticed a two-headed ogre
 10074 | D:9      | Killed a two-headed ogre
 10260 | D:9      | Found a staircase to the Lair.
 10510 | D:10     | Entered Level 10 of the Dungeon
 10575 | D:10     | Reached XP level 11. HP: 81/81 MP: 22/22
 10769 | D:10     | Learned a level 5 spell: Lightning Bolt
 11218 | D:10     | Reached *** piety under Dithmenos
 11227 | D:10     | Found a roughly hewn altar of Beogh.
 11227 | D:10     | Found a staircase to the Orcish Mines.
 11404 | D:11     | Noticed a cyclops
 11413 | D:11     | Killed a cyclops
 11831 | D:11     | Reached skill level 5 in Hexes
 11831 | D:11     | Reached skill level 5 in Charms
 11831 | D:11     | Reached skill level 5 in Summonings
 11831 | D:11     | Reached skill level 5 in Necromancy
 11831 | D:11     | Reached skill level 5 in Translocations
 11831 | D:11     | Reached skill level 5 in Transmutations
 11831 | D:11     | Reached skill level 5 in Fire Magic
 11831 | D:11     | Reached skill level 5 in Ice Magic
 11831 | D:11     | Reached skill level 5 in Earth Magic
 11831 | D:11     | Reached skill level 5 in Poison Magic
 12139 | D:11     | Noticed Erolcha
 12597 | D:12     | Reached **** piety under Dithmenos
 14313 | D:13     | Noticed a centaur warrior
 14331 | D:13     | Killed a centaur warrior
 14814 | D:13     | Reached XP level 12. HP: 80/89 MP: 21/24
 14923 | D:13     | Noticed Jorgrun
 14936 | D:13     | Killed Jorgrun
 14954 | D:13     | Noticed a four-headed hydra
 15248 | D:13     | Noticed a centaur warrior
 15352 | Lair:1   | Entered Level 1 of the Lair of Beasts
 15352 | Lair:1   | Noticed Joseph
 15625 | Orc:1    | Entered Level 1 of the Orcish Mines
 15625 | Orc:1    | Noticed an orc high priest
 15631 | Orc:1    | Killed an orc high priest
 15996 | Orc:2    | Entered Level 2 of the Orcish Mines
 16009 | Orc:2    | Noticed an orc high priest
 16453 | D:9      | Reached ***** piety under Dithmenos
 17238 | Lair:1   | Killed Joseph
 18266 | Lair:1   | Identified the +8 mace of Usacwuju {flame, rElec rF+}
 18962 | Lair:2   | Found a blossoming altar of Fedhas.
 19188 | Lair:2   | Found a hole to the Spider Nest.
 19591 | Lair:2   | Noticed Fannar
 19611 | Lair:2   | Killed Fannar
 19611 | Lair:2   | Reached XP level 13. HP: 33/98 MP: 2/26
 20167 | Lair:2   | Learned a level 4 spell: Fulminant Prism
 21155 | Lair:3   | You fall through a shaft for 3 floors!
 21155 | Lair:6   | Entered Level 6 of the Lair of Beasts
 21612 | Lair:6   | Found a runed translucent door.
 21667 | Lair:6   | Reached ****** piety under Dithmenos
 22562 | Lair:4   | Noticed Kirke
 22873 | Lair:4   | Reached skill level 10 in Spellcasting
 23286 | Lair:4   | Found a staircase to the Shoals.
 23396 | Lair:4   | Reached XP level 14. HP: 102/106 MP: 18/28
 24478 | Lair:5   | Found a staircase to the Slime Pits.
 24545 | Lair:5   | Reached skill level 10 in Dodging
 25148 | Lair:6   | Learned a level 3 spell: Gell's Gravitas
 25150 | Lair:6   | Learned a level 1 spell: Confusing Touch
 25566 | Lair:6   | Reached skill level 10 in Stealth
 26055 | Lair:6   | Reached skill level 10 in Invocations
 27330 | D:13     | You fall through a shaft!
 27675 | D:14     | Found a gate to the Vaults.
 27733 | D:14     | Found an iron altar of Okawaru.
 28094 | D:14     | Reached XP level 15. HP: 114/114 MP: 11/29
 28377 | D:15     | Entered Level 15 of the Dungeon
 28908 | D:15     | Found Bymuomat's Antique Weapon Boutique.
 28955 | D:15     | Found a staircase to the Depths.
 29056 | D:15     | Got a blackened hand axe
 29060 | D:15     | Identified the +9 hand axe of Destiny {drain, +Rage rF+
                  | Str+3} (You found it on level 15 of the Dungeon)
 29069 | D:15     | Found a transporter.
 29094 | D:15     | Identified the +8 great mace of Integrity {flame, rF- rC+++
                  | Dex+4 SInv}
 29098 | D:15     | Found a transporter.
 29101 | D:15     | Found a bloodstained altar of Trog.
 29110 | D:15     | Identified the +9 executioner's axe "Transmigrator" {flame,
                  | rN+ Int+4}
 29112 | D:15     | Noticed Karim's ghost (journeyman NaFi)
 29617 | Orc:2    | Found Fafoipp's Antique Weapon Emporium.
 30209 | Orc:2    | Found Rimowkig's Antique Armour Emporium.
 30231 | Orc:2    | Bought a pair of glowing gloves for 202 gold pieces
 30337 | Orc:2    | Found a staircase to the Elven Halls.
 30344 | Orc:2    | Found Tiadd's Jewellery Boutique.
 30396 | Orc:2    | Reached skill level 10 in Air Magic
 30631 | Orc:2    | Found Ximiqah's General Store.
 30703 | Orc:2    | Noticed an orc warlord
 30723 | Orc:2    | Killed an orc warlord
 30964 | Elf:1    | Entered Level 1 of the Elven Halls
 30984 | Elf:1    | Found a radiant altar of Vehumet.
 30999 | Elf:1    | Reached skill level 10 in Fighting
 30999 | Elf:1    | Reached skill level 10 in Short Blades
 30999 | Elf:1    | Reached skill level 10 in Long Blades
 30999 | Elf:1    | Reached skill level 10 in Axes
 30999 | Elf:1    | Reached skill level 10 in Maces & Flails
 30999 | Elf:1    | Reached skill level 10 in Polearms
 30999 | Elf:1    | Reached skill level 10 in Staves
 30999 | Elf:1    | Reached skill level 10 in Slings
 30999 | Elf:1    | Reached skill level 10 in Bows
 30999 | Elf:1    | Reached skill level 10 in Crossbows
 30999 | Elf:1    | Reached skill level 10 in Throwing
 30999 | Elf:1    | Reached skill level 10 in Armour
 30999 | Elf:1    | Reached skill level 10 in Shields
 30999 | Elf:1    | Reached skill level 10 in Unarmed Combat
 30999 | Elf:1    | Reached skill level 10 in Evocations
 31450 | Elf:1    | Noticed Asterion
 31780 | Spider:1 | Entered Level 1 of the Spider Nest
 32879 | Spider:1 | Reached XP level 16. HP: 114/122 MP: 20/31
 33080 | Spider:2 | HP: 1/123 [jumping spider (8)]
 33082 | Spider:1 | Slain by a wolf spider

Skill      XL: |  1  2  3  4  5  6  7  8  9 10 11 12 13 14 15 |
---------------+----------------------------------------------+-----
Conjurations   | 2 3 4 5 6 7 8 9 |  9.0
Spellcasting   | 5 6 7 8 9 10 11 | 11.4
Fighting       | 1 2 3 4 5 6 7 8 9 10 | 10.3
Short Blades   | 1 2 3 4 5 6 7 8 9 10 | 10.3
Long Blades    | 1 2 3 4 5 6 7 8 9 10 | 10.3
Axes           | 1 2 3 4 5 6 7 8 9 10 | 10.3
Maces & Flails | 1 2 3 4 5 6 7 8 9 10 | 10.3
Polearms       | 1 2 3 4 5 6 7 8 9 10 | 10.3
Staves         | 1 2 3 4 5 6 7 8 9 10 | 10.3
Slings         | 1 2 3 4 5 6 7 8 9 10 | 10.3
Bows           | 1 2 3 4 5 6 7 8 9 10 | 10.3
Crossbows      | 1 2 3 4 5 6 7 8 9 10 | 10.3
Throwing       | 1 2 3 4 5 6 7 8 9 10 | 10.3
Armour         | 1 2 3 4 5 6 7 8 9 10 | 10.3
Shields        | 1 2 3 4 5 6 7 8 9 10 | 10.3
Unarmed Combat | 1 2 3 4 5 6 7 8 9 10 | 10.3
Invocations    | 1 2 3 4 5 6 7 8 9 10 11 | 11.2
Evocations     | 1 2 3 4 5 6 7 8 9 10 | 10.3
Hexes          | 1 2 3 4 5 6 7 8 |  8.7
Charms         | 1 2 3 4 5 6 7 8 |  8.7
Summonings     | 1 2 3 4 5 6 7 8 |  8.7
Necromancy     | 1 2 3 4 5 6 7 8 |  8.7
Translocations | 1 2 3 4 5 6 7 8 |  8.7
Transmutations | 1 2 3 4 5 6 7 8 |  8.7
Fire Magic     | 1 2 3 4 5 6 7 8 |  8.7
Ice Magic      | 1 2 3 4 5 6 7 8 |  8.7
Earth Magic    | 1 2 3 4 5 6 7 8 |  8.7
Poison Magic   | 1 2 3 4 5 6 7 8 |  8.7
Dodging        | 5 6 7 8 9 10 11 | 11.2
Stealth        | 5 6 7 8 9 10 11 | 11.1
Air Magic      | 6 7 8 9 10 | 10.3

Action                   |  1- 3 |  4- 6 |  7- 9 | 10-12 | 13-15 | 16-18 || total
-------------------------+-------+-------+-------+-------+-------+-------++-------
Melee: Short sword       |    24 |    55 |     4 |   182 |       |       ||   265
       Bite              |       |     2 |    15 |    74 |    85 |     1 ||   177
       Dagger            |       |       |   173 |   335 |   711 |    14 ||  1233
       Punch             |       |       |     3 |     7 |       |       ||    10
       Unarmed           |       |       |       |       |     1 |       ||     1
 Fire: Shortbow          |       |       |       |    20 |       |       ||    20
Throw: Javelin           |       |       |       |       |     1 |       ||     1
 Cast: Shock             |    29 |    37 |    60 |    19 |    15 |       ||   160
       Static Discharge  |       |    11 |    30 |    80 |    36 |     4 ||   161
       Airstrike         |       |     6 |    13 |    72 |    60 |       ||   151
       Dazzling Spray    |       |       |    18 |    46 |    76 |     2 ||   142
       Mephitic Cloud    |       |       |     2 |    28 |    45 |     1 ||    76
       Swiftness         |       |       |     1 |     1 |       |       ||     2
       Searing Ray       |       |       |       |    31 |     5 |       ||    36
       Blink             |       |       |       |     2 |     5 |       ||     7
       Lightning Bolt    |       |       |       |    14 |    54 |       ||    68
       Fulminant Prism   |       |       |       |       |    43 |       ||    43
       Confusing Touch   |       |       |       |       |    33 |     1 ||    34
       Gell's Gravitas   |       |       |       |       |     6 |       ||     6
Invok: Shadow Step       |       |       |       |     1 |     1 |       ||     2
Evoke: Wand              |       |     3 |       |     9 |    20 |       ||    32
       Lightning rod     |       |       |       |     2 |    11 |       ||    13
       Box of beasts     |       |       |       |       |     1 |       ||     1
  Use: Scroll            |       |     7 |     2 |    21 |     7 |     1 ||    38
       Potion            |       |       |       |     7 |     7 |     2 ||    16
 Stab: Sleeping          |     1 |     1 |    11 |    24 |    20 |     3 ||    60
       Invisible         |       |       |     2 |     7 |    12 |       ||    21
       Confused          |       |       |       |    16 |    61 |     2 ||    79
       Distracted        |       |       |       |     2 |     3 |       ||     5
  Eat: Chunk             |       |     5 |    11 |    20 |    28 |       ||    64
       Ration            |       |     1 |     1 |     8 |     7 |       ||    17
Armor: Robe              |     2 |       |       |       |       |       ||     2
       Leather armour    |     2 |    10 |    34 |   116 |    40 |       ||   202
       Acid dragon scale |       |       |       |       |    56 |       ||    56
       Scale mail        |       |       |       |       |    56 |    24 ||    80
Dodge: Dodged            |    21 |    49 |   155 |   549 |   472 |    41 ||  1287
Block: Other             |     1 |    13 |    38 |    43 |       |       ||    95
       Reflection        |       |     1 |     1 |     1 |       |       ||     3
       Shield            |       |       |       |    30 |   376 |    29 ||   435
